Map: Ephemeron LE

Players

TSGNice (Nice)

  • Race: Protoss Protoss
  • Spawn Location: 5:00

CatZ - Winner!

  • Race: Zerg Zerg
  • League: Grandmaster
  • Spawn Location: 11:00

Event: NationWars 2019

VOD

Have the link to the VOD?

Description

Time

  • Played on: Oct. 6, 2019, 12:06 p.m.
  • Length: 14:29
Show
View Real Time Build Order
Export as new Build Order

TSGNice Protoss 

Build Orders: 1 Gate Expand, Oracle Opening 

Get SALT Encoding   

  12  0:01  Probe  
  13  0:13  Probe  
  14  0:19  Pylon  
  14  0:26  Probe  
  15  0:38  Probe (Chrono Boost)  
  15  0:41  Gateway  
  16  0:48  Probe (Chrono Boost), Assimilator  
  17  0:53  Probe (Chrono Boost)  
  18  1:04  Probe  
  19  1:16  Probe  
  20  1:24  Nexus  
  20  1:33  Cybernetics Core  
  20  1:40  Assimilator  
  20  1:41  Probe  
  21  1:50  Pylon  
  21  1:53  Probe  
  22  2:05  Probe  
  22  2:07  Adept (Chrono Boost)  
  25  2:17  Probe  
  25  2:21  Stargate  
  27  2:30  Stalker, Probe (Chrono Boost)  
  27  2:35  Warp Gate  
  29  2:37  Probe (Chrono Boost)  
  29  2:42  Probe (Chrono Boost)  
  31  2:47  Probe (Chrono Boost)  
  31  2:49  Probe (Chrono Boost)  
  33  2:52  Probe (Chrono Boost)  
  33  2:56  Probe  
  35  3:03  Gateway  
  35  3:04  Probe  
  35  3:05  Oracle (Chrono Boost)  
  36  3:10  Probe  
  40  3:16  Probe  
  41  3:22  Probe  
  42  3:32  Shield Battery  
  42  3:33  Void Ray (Chrono Boost)  
  42  3:34  Pylon  
  42  3:38  Probe  
  46  3:45  Shield Battery  
  46  3:46  Shield Battery  
  46  3:52  Probe  
  46  3:54  Pylon  
  47  3:57  Shield Battery  
  47  4:01  Probe  
  48  4:04  Probe  
  48  4:05  Gateway  
  48  4:09  Oracle (Chrono Boost)  
  52  4:29  Stalker x2  
  56  4:35  Gateway  
  56  4:39  Shield Battery  
  56  4:40  Gateway  
  56  4:42  Pylon  
  56  4:43  Pylon  
  56  4:56  Adept x2  
  56  4:58  Oracle (Chrono Boost)  
  56  4:59  Pylon x2  
  60  5:05  Shield Battery  
  60  5:06  Shield Battery  
  63  5:10  Pylon  
  63  5:13  Cybernetics Core  
  63  5:29  Zealot  
  63  5:34  Oracle (Chrono Boost)  
  63  5:35  Zealot x2  
  69  5:42  Pylon  
  72  5:46  Pylon  
  70  5:57  Zealot x3  
  48  6:12  Void Ray (Chrono Boost)  
  50  6:18  Pylon  
  50  6:19  Sentry, Zealot  
  50  6:20  Pylon  
  50  6:25  Pylon  
  54  6:29  Stalker  
  56  6:39  Shield Battery  
  56  6:47  Robotics Facility  
  56  7:04  Adept x3  
  62  7:13  Twilight Council  
  62  7:30  Pylon  
  62  7:31  Pylon  
  62  7:34  Pylon  
  56  7:47  Immortal (Chrono Boost)  
  60  7:53  Sentry, Zealot  
  55  8:18  Zealot x3  
  55  8:19  Observer (Chrono Boost)  
  62  8:32  Pylon  
  62  8:37  Warp Prism (Chrono Boost)  
  64  9:01  Charge  
  64  9:27  Nexus  
  64  9:28  Pylon  
  61  9:42  Probe (Chrono Boost)  
  61  9:43  Templar Archives  
  62  9:52  Probe (Chrono Boost)  
  63  9:57  Probe (Chrono Boost)  
  64  10:08  Probe  
  63  10:17  Assimilator  
  63  10:19  Assimilator  
  63  10:20  Probe  
  64  10:33  Probe  
  64  10:46  High Templar x3  
  64  10:58  Probe x2  
  64  11:01  Psionic Storm  
  66  11:10  Probe x2 (Chrono Boost)  
  68  11:20  Probe x2 (Chrono Boost)  
  68  11:25  Probe x2 (Chrono Boost)  
  70  11:26  Pylon  
  70  11:31  High Templar  
  70  11:32  Pylon, Zealot  
  76  11:45  Pylon  
  76  11:47  High Templar  
  78  12:13  Gateway  
  78  12:18  Forge  
  78  12:19  High Templar x2, Gateway  
  78  12:20  Gateway  
  82  12:27  Immortal (Chrono Boost)  
  82  12:29  Probe x2  
  88  12:41  Pylon, Probe  
  81  12:51  Zealot x3  
  87  13:03  Immortal (Chrono Boost)  
  73  13:17  High Templar  
  73  13:18  High Templar x2, Zealot  
  73  13:19  Zealot  
  72  13:26  Probe (Chrono Boost)  
  65  13:37  High Templar  
  65  13:41  Zealot x2  
  65  13:44  Probe x2  
  65  13:47  Archon  
  68  13:52  Archon  
  66  13:59  Archon  
  58  14:04  Zealot  
  58  14:05  Zealot x2  
Show
View Real Time Build Order
Export as new Build Order

CatZ Zerg - Winner!

Build Orders: Hatch First, Lurkers 

Get SALT Encoding   

  12  0:00  Drone  
  13  0:12  Overlord  
  13  0:16  Drone  
  14  0:30  Drone  
  14  0:32  Drone  
  14  0:35  Drone  
  17  0:51  Hatchery  
  16  0:57  Drone  
  17  1:09  Spawning Pool  
  16  1:11  Drone  
  16  1:15  Drone  
  18  1:18  Drone  
  18  1:22  Extractor  
  18  1:28  Drone  
  19  1:41  Drone  
  20  1:53  Overlord  
  20  1:55  Queen  
  22  2:03  Queen  
  22  2:04  Zergling x2  
  22  2:07  Drone  
  26  2:10  Overlord  
  26  2:16  Drone  
  27  2:25  Metabolic Boost  
  27  2:29  Zergling x4  
  29  2:32  Drone  
  29  2:34  Queen  
  32  2:49  Queen  
  34  2:52  Zergling x2, Drone  
  34  2:53  Drone  
  34  2:58  Zergling x4  
  39  3:04  Overlord  
  39  3:10  Drone  
  39  3:12  Overlord  
  40  3:14  Queen  
  42  3:28  Queen  
  42  3:32  Zergling x10  
  49  3:43  Spore Crawler  
  48  3:52  Queen  
  50  3:57  Hatchery  
  50  4:16  Spine Crawler  
  49  4:19  Spore Crawler  
  48  4:27  Spine Crawler  
  48  4:29  Spine Crawler  
  48  4:31  Spine Crawler  
  43  4:33  Queen  
  43  4:35  Zergling x2  
  43  4:36  Zergling x6, Spine Crawler  
  48  4:48  Queen  
  48  4:50  Zergling x2  
  51  4:59  Zergling x4  
  54  5:00  Zergling x4  
  54  5:03  Zergling x2  
  56  5:07  Zergling x2  
  56  5:10  Zergling x2  
  56  5:13  Zergling x2  
  59  5:18  Zergling x2  
  58  5:23  Queen  
  60  5:34  Spore Crawler  
  59  5:43  Zergling x2  
  59  5:44  Overlord  
  55  5:59  Zergling x2  
  45  6:05  Zergling x10  
  46  6:14  Zergling x2  
  46  6:15  Queen  
  49  6:21  Queen  
  51  6:30  Drone x3  
  54  6:33  Drone  
  55  6:41  Drone  
  55  6:42  Drone  
  57  6:52  Spore Crawler, Drone  
  57  6:53  Drone x2  
  59  7:03  Drone x3  
  59  7:06  Drone x2  
  64  7:14  Drone x2  
  66  7:16  Extractor  
  66  7:19  Extractor  
  64  7:29  Drone x2  
  66  7:41  Drone x2  
  67  7:52  Lair  
  67  7:53  Extractor  
  67  7:55  Drone x3  
  67  7:57  Drone x4  
  66  8:03  Drone  
  63  8:09  Zergling x2  
  59  8:16  Spine Crawler  
  59  8:17  Spore Crawler  
  57  8:23  Zergling x4  
  59  8:28  Zergling x2, Hatchery  
  59  8:31  Zergling x2  
  60  8:46  Overlord x2  
  60  8:52  Spine Crawler, Overlord  
  60  8:53  Spine Crawler, Hydralisk Den  
  57  9:00  Zergling x6  
  60  9:13  Zergling x6  
  60  9:14  Zergling x6  
  66  9:21  Evolution Chamber  
  65  9:34  Hydralisk x4  
  65  9:35  Hydralisk  
  65  9:36  Grooved Spines  
  75  9:47  Zerg Missile Weapons Level 1  
  75  9:51  Pneumatized Carapace  
  71  10:10  Hydralisk x5  
  81  10:16  Hydralisk  
  81  10:18  Overlord  
  83  10:21  Drone  
  83  10:32  Drone  
  83  10:33  Drone  
  85  10:44  Drone x4  
  89  10:53  Hydralisk x4  
  89  10:55  Overlord  
  93  11:05  Muscular Augments  
  93  11:09  Hydralisk x2  
  96  11:13  Overlord  
  96  11:16  Overlord  
  96  11:23  Lurker Den  
  95  11:26  Hydralisk  
  95  11:31  Hydralisk  
  95  11:32  Hydralisk x2  
  103  11:41  Hydralisk x3  
  109  11:47  Hydralisk x2  
  113  12:02  Overlord  
  113  12:20  Hydralisk, Overlord  
  113  12:21  Hydralisk x3  
  121  12:23  Overlord  
  121  12:40  Hydralisk x4  
  118  13:13  Hydralisk x4  
  113  13:20  Hydralisk x3  
  113  13:23  Hydralisk  
  113  13:24  Hydralisk  
  122  13:33  Drone x2  
  122  13:34  Drone x2  
  117  13:41  Lurker x3  
  117  13:42  Lurker  
  117  13:43  Drone x2  
  117  13:48  Drone x2  
  121  13:51  Drone x2  
  121  13:52  Drone  
  121  13:53  Drone x2  
  118  14:03  Zergling x14  
  118  14:04  Hydralisk  
  118  14:05  Hydralisk  
Tags
 
Add a new tag
Caveats
  • Supply blocks, unpowered buildings, or Contaminate may cause inaccurate times.
  • Supply counts are checked every 10 seconds.